Cogmind - Beta 10.2 @@@ ROGUE MODE // 2021.07.04 @ 16:03:20 Player: rath Result: Destroyed by as-74506 with Assembled Maul Performance ------------- Evolutions (1) 500 Regions Visited (3) 600 Robots Destroyed (58) 290 Value Destroyed (1267) 1267 Prototype IDs (3) 60 Alien Tech Used (0) 0 Bonus (170) 170 TOTAL SCORE: 2887 Bonus ------- High Alert Combat Kills 170 Cogmind --------- Core Integrity 0/400 Matter 164/300 Energy 251/265 System Corruption 0% Temperature Cool (0) Movement Walking (150) Ox1 Location -9/Mines Parts ------- > --- POWER (1) -------- Improved Ion Engine > --- PROPULSION (4) --- Aluminum Leg Aluminum Leg Aluminum Leg > --- UTILITY (2) ------ Heat Sink Large Storage Unit > --- WEAPON (2) ------- Advanced Beam Cannon Heavy Assault Rifle > --- INVENTORY (10) --- Improved Ion Engine Improved Ion Engine Aluminum Leg Aluminum Leg Aluminum Leg Light Armor Plating Improved Assault Rifle Mining Laser Peak State ------------ > --- POWER ------------ Improved Ion Engine > --- PROPULSION ------- Aluminum Leg Aluminum Leg Aluminum Leg Aluminum Leg > --- UTILITY ---------- Large Storage Unit Transport Network Coupler > --- WEAPON ----------- Improved Medium Laser Improved Medium Laser > --- INVENTORY -------- Improved Ion Engine Aluminum Leg Aluminum Leg Aluminum Leg Aluminum Leg Heat Sink Beam Rifle Assault Rifle Heavy Assault Rifle Improved Light Cannon [Rating: 15] Favorites ----------- Power Ion Engine Engine Ion Engine Propulsion Aluminum Leg Leg Aluminum Leg Utility Transport Network Coupler Device Heat Sink Storage Medium Storage Unit Processor Transport Network Coupler Weapon Assault Rifle Energy Gun Improved Medium Laser Energy Cannon Advanced Beam Cannon Ballistic Gun Assault Rifle Ballistic Cannon Improved Light Cannon Build | -11 -10 -9 -9 ------- Run | Scr Mat Mat Min Slots Evolved 2 | . . 2 . Power . | . . . . Propulsion 2 | . . 2 . Utility . | . . . . Weapon . | . . . . Parts Attached 59 | 6 16 35 2 Power 8 | 1 . 7 . Engine 8 | 1 . 7 . Core . | . . . . Reactor . | . . . . Propulsion 25 | 2 8 15 . Treads . | . . . . Leg 25 | 2 8 15 . Wheel . | . . . . Hover . | . . . . Flight . | . . . . Utility 8 | 1 4 3 . Device 1 | . . 1 . Storage 5 | 1 3 1 . Processor 2 | . 1 1 . Hackware . | . . . . Protection . | . . . . Artifact . | . . . . Weapon 18 | 2 4 10 2 Energy Gun 2 | . . 2 . Energy Cannon 3 | . . 2 1 Ballistic Gun 12 | 2 4 6 . Ballistic Cannon 1 | . . . 1 Launcher . | . . . . Special Weapon . | . . . . Impact Weapon . | . . . . Slashing Weapon . | . . . . Piercing Weapon . | . . . . Special Melee Weapon . | . . . . Unidentified Prototypes 1 | . . 1 . Parts Lost 5 | . . 3 2 Power . | . . . . Propulsion 4 | . . 3 1 Utility . | . . . . Weapon 1 | . . . 1 Highest Loss Streak 2 | . . 2 1 Average Slot Usage (%) 98 | . 95 99 98 Engine 11 | . 14 11 11 Leg 38 | . 27 43 42 Device 1 | . . 1 11 Storage 11 | . 14 11 11 Processor 9 | . 10 9 . Energy Gun 1 | . . 2 . Energy Cannon 2 | . . 2 7 Ballistic Gun 19 | . 27 17 11 Naked Turns . | . . . . Heaviest Build 31 | 13 17 31 31 Greatest Support 40 | 20 20 40 40 Greatest Overweight (x) 1 | . 1 1 . Average Overweight (x) . | . . . . Largest Inventory Capacity 10 | 6 10 10 10 Average Capacity 8 | 5 7 8 10 Most Carried 10 | 6 8 10 10 Average Carried 8 | 3 6 8 9 Final Capacity 10 | 6 8 10 10 Final Carried 10 | 4 8 10 8 Class Distribution -------------------- 70% | Scavenger-Mutant 29% | Mutant Dominant Class ---------------- Mutant | -10/Materials Scavenger-Mutant | -9/Materials Scavenger-Mutant | -9/Mines Resources | -11 -10 -9 -9 ----------- Run | Scr Mat Mat Min Matter Collected 1593 | 189 403 988 13 Remotely . | . . . . Salvage Created 2119 | . 367 1644 108 Parts 131 | . 30 101 . Haulers Intercepted 7 | . 2 5 . Recyclers Shooed 4 | . 1 3 . Parts Field Recycled . | . . . . Retrieved Matter . | . . . . Parts Self-Destructed . | . . . . Prevented . | . . . . Kills | -11 -10 -9 -9 ------- Run | Scr Mat Mat Min Combat Hostiles Destroyed 53 | . 10 35 8 Guns 40 | . 10 29 1 Cannons 13 | . . 6 7 Classes Destroyed 9 | . 3 5 1 Worker 1 | . . 1 . Hauler 7 | . 2 5 . Recycler 1 | . . 1 . Operator 1 | . . 1 . Watcher 3 | . . 3 . Swarmer 19 | . 6 13 . Grunt 18 | . 4 14 . Sentry 8 | . . 8 . Assembled 8 | . . . 8 Best Kill Streak 8 | . 3 6 8 Combat Bots Only 8 | . 3 5 8 Max Kills in Single Turn 1 | . 1 1 1 Gunslinging . | . . . . Exploded . | . . . . Melee . | . . . . Uniques/NPCs Destroyed . | . . . . Combat | -11 -10 -9 -9 -------- Run | Scr Mat Mat Min Damage Taken 2505 | . 364 1574 567 Core 514 | . 102 325 87 Absorbed by Shields . | . . . . Core Remaining (%) 79 | 100 59 . . Volleys Fired 198 | . 46 122 30 Largest 2 | . 2 2 2 Hottest 136 | . 40 136 91 Shots Fired 391 | . 92 242 57 Gun 339 | . 92 217 30 Cannon 52 | . . 25 27 Launcher . | . . . . Special . | . . . . Kinetic 324 | . 92 193 39 Thermal 67 | . . 49 18 Explosive . | . . . . Electromagnetic . | . . . . Robot Hit Streak 20 | . 12 20 5 Robot Miss Streak 7 | . 4 7 4 Penetration Max . | . . . . Secondary Targets 2 | . 1 1 . Max Gunslinging Chain 1 | . 1 1 . Shots Hit Robots 234 | . 50 153 31 Core Hits 91 | . 16 63 12 Critical Hits 5 | . . 4 1 Critical Kills 2 | . . 1 1 Critical Parts Destroyed 3 | . . 3 . Melee Attacks . | . . . . Impact . | . . . . Slashing . | . . . . Piercing . | . . . . Sneak Attacks . | . . . . Combat Hostiles . | . . . . Follow-up Attacks . | . . . . Damage Inflicted 3541 | . 600 2434 507 Guns 2875 | . 598 2126 151 Cannons 662 | . . 306 356 Explosions . | . . . . Melee . | . . . . Ramming 4 | . 2 2 . Kinetic 2700 | . 598 1841 261 Thermal 837 | . . 591 246 Explosive . | . . . . Electromagnetic . | . . . . Impact . | . . . . Slashing . | . . . . Piercing . | . . . . Highest Corruption . | . . . . Average Corruption . | . . . . Corruption Purged . | . . . . Overload Shots . | . . . . Overflow Damage 11 | . . 11 . Projectiles 11 | . . 11 . Explosions . | . . . . Melee . | . . . . Knockbacks . | . . . . Impact . | . . . . Kinetic . | . . . . Secondary . | . . . . Self-Inflicted Damage 1 | . 1 . . Shots . | . . . . Rammed 1 | . 1 . . Targets Rammed 2 | . 1 1 . Kicked 1 | . . 1 . Crushed . | . . . . Highest Temperature 375 | . . 375 . Average Temperature 115 | . . 115 . Received Heat Transfer 495 | . 90 405 . Effects 2 | . . 2 . Energy Bleed 1 | . . 1 . Interference 1 | . . 1 . Siege Activations . | . . . . Robots Corrupted . | . . . . Combat Hostiles . | . . . . Parts Fried . | . . . . Impact Corruptions . | . . . . Robots Melted . | . . . . Combat Hostiles . | . . . . Parts Melted . | . . . . Heat Transferred 1628 | . . 1184 444 Parts Sabotaged . | . . . . Parts Stolen . | . . . . Parts Stripped . | . . . . Power Chain Reactions . | . . . . Missiles Intercepted . | . . . . Alert | -11 -10 -9 -9 ------- Run | Scr Mat Mat Min Peak Influence 846 | . 302 846 297 Initial 297 | . . 85 297 Average 325 | . 164 409 292 Maximum Alert Level 3 | . 1 3 1 Low Security (%) 39 | 100 63 28 . Level 1 27 | . 36 20 100 Level 2 22 | . . 34 . Level 3 10 | . . 15 . Level 4 . | . . . . Level 5 . | . . . . High Security . | . . . . Max Security . | . . . . Squads Dispatched 10 | . 3 7 . Investigation 1 | . . 1 . Extermination . | . . . . Reinforcement 9 | . 3 6 . Assault . | . . . . Garrison . | . . . . Intercept . | . . . . Construction Impeded . | . . . . Haulers Reinforced . | . . . . Stealth | -11 -10 -9 -9 --------- Run | Scr Mat Mat Min Distress Signals 5 | . . 5 . Communications Jammed . | . . . . Distress Signals . | . . . . Times Spotted 94 | . 23 62 9 Peak Tracking Total 13 | . 6 9 13 Tactical Retreats 7 | . 3 3 1 Traps | -11 -10 -9 -9 ------- Run | Scr Mat Mat Min Traps Triggered 5 | . 3 2 . Indirectly . | . . . . Trap Hack Attempts . | . . . . Triggered . | . . . . Disarmed . | . . . . Reprogrammed . | . . . . Reused . | . . . . Traps Extracted . | . . . . Installed . | . . . . Triggered . | . . . . Machines | -11 -10 -9 -9 ---------- Run | Scr Mat Mat Min Machines Disabled 2 | . . 2 . Max in Single Turn 1 | . . 1 . Machines Sabotaged . | . . . . Garrisons Compromised . | . . . . Overloaded Fab Kills . | . . . . Fab Network Shutdowns . | . . . . Hacking | -11 -10 -9 -9 --------- Run | Scr Mat Mat Min Machines Accessed 4 | . 3 1 . Terminals 4 | . 3 1 . Fabricators . | . . . . Repair Stations . | . . . . Recycling Units . | . . . . Scanalyzers . | . . . . Garrison Access . | . . . . Total Hacks 7 | . 6 1 . Successful 3 | . 2 1 . Failed 4 | . 4 . . Catastrophic . | . . . . Database Lockouts . | . . . . Manual . | . . . . Terminals 7 | . 6 1 . Fabricators . | . . . . Repair Stations . | . . . . Recycling Units . | . . . . Scanalyzers . | . . . . Garrison Access . | . . . . Terminal Hacks 3 | . 2 1 . Prototype ID Bank 1 | . 1 . . Level Access Points 1 | . 1 . . Branch Access Points 1 | . . 1 . Fabricator Hacks . | . . . . Repair Station Hacks . | . . . . Recycling Unit Hacks . | . . . . Scanalyzer . | . . . . Garrison Access Hacks . | . . . . Unauthorized Hacks . | . . . . Terminals . | . . . . Fabricators . | . . . . Repair Stations . | . . . . Recycling Units . | . . . . Scanalyzers . | . . . . Garrison Access . | . . . . Data Cores Recovered 1 | . . 1 . Used . | . . . . Hacking Detections 3 | . 3 . . Full Trace Events . | . . . . Feedback Events . | . . . . Feedback Blocked . | . . . . Robot Schematics Acquired . | . . . . Robots Built . | . . . . Matter . | . . . . Time . | . . . . Total Robot Build Rating . | . . . . Part Schematics Acquired . | . . . . Parts Built . | . . . . Matter . | . . . . Time . | . . . . Total Part Build Rating . | . . . . Parts Repaired . | . . . . Time . | . . . . Parts Recycled . | . . . . Recycled Matter . | . . . . Retrieved Matter . | . . . . Retrieved Components . | . . . . Parts Scanalyzed . | . . . . Part Schematics Acquired . | . . . . Parts Damaged . | . . . . Bothacking | -11 -10 -9 -9 ------------ Run | Scr Mat Mat Min Used RIF Installer . | . . . . Robots Hacked . | . . . . Non-combat . | . . . . Combat . | . . . . Robot Hacks Applied . | . . . . Relay Couplers Released . | . . . . Robots Rewired . | . . . . Allies Hacked . | . . . . Hacks Repelled . | . . . . Allies | -11 -10 -9 -9 -------- Run | Scr Mat Mat Min Total Allies . | . . . . Largest Group . | . . . . Highest-Rated Group . | . . . . Highest-Rated Ally . | . . . . Total Orders . | . . . . Ally Attacks . | . . . . Total Damage . | . . . . Kills . | . . . . Allies Corrupted . | . . . . Allies Melted . | . . . . Intel | -11 -10 -9 -9 ------- Run | Scr Mat Mat Min Robot Analysis Total . | . . . . Derelict Logs Recovered . | . . . . Drone Launches . | . . . . Drone Recoveries . | . . . . Exploration | -11 -10 -9 -9 ------------- Run | Scr Mat Mat Min Turns Passed 2599 | 62 742 1701 94 Spaces Moved 1361 | 47 414 895 5 Core 12 | 12 . . . Treads . | . . . . Legs 1349 | 35 414 895 5 Wheels . | . . . . Hover . | . . . . Flight . | . . . . Fastest Speed 50 | 50 120 120 120 Average Speed 119 | 102 120 120 120 Slowest Speed 150 | 120 150 150 120 Overloaded Moves . | . . . . Propulsion Burnouts . | . . . . Robots Hopped . | . . . . Cave-ins Triggered . | . . . . Exploration Rate (%) 37 | 4 85 58 2 Regions Visited 3 Branch Regions 1 Pre-discovered Areas . | . . . . Known Exits Taken 2 | . 1 1 . Unknown Exits Taken 1 | 1 . . . Scrap Searched . | . . . . Spaces Dug . | . . . . Terrain Destroyed . | . . . . Melee . | . . . . Projectile . | . . . . AOE . | . . . . Terrain Rammed . | . . . . Walls Destroyed . | . . . . Machines Disabled . | . . . . Actions | -11 -10 -9 -9 --------- Run | Scr Mat Mat Min Total 1956 | 60 568 1290 38 Wait 258 | . 70 187 1 Move 1358 | 46 413 894 5 Hop . | . . . . Pick Up 34 | 8 10 16 . Fast Attach 17 | 2 7 8 . Attach 8 | 4 . 2 2 Detach . | . . . . Swap 34 | . 9 25 . Drop 47 | . 12 35 . Fire 198 | . 46 122 30 Melee . | . . . . Ram . | . . . . Kick 2 | . 1 1 . Crush . | . . . . Escape Stasis . | . . . . Rewire . | . . . . Trap . | . . . . Miscellaneous . | . . . . Route ------- -11/Scrapyard -10/Materials (discovered 3 exits: *Mat x3) -9/Materials (discovered 2 exits: [*Mat] / *Min) -9/Mines History --------- Turn | Location | Event 4 | -11/Scrapyard | Discovered new exit (range 15) 63 | -11/Scrapyard | Entered Materials 301 | -10/Materials | Identified exit to Materials 318 | -10/Materials | Build established: Mutant 805 | -10/Materials | Entered another Materials area 805 | -9/Materials | Evolved 2 slots: Propulsion x2 846 | -9/Materials | Identified exit to Mines 1076 | -9/Materials | Build established: Scavenger-Mutant 2231 | -9/Materials | Core integrity fell below 50% 2334 | -9/Materials | Core integrity fell below 20% 2344 | -9/Materials | Discovered new exit (range 9) 2506 | -9/Materials | Entered Mines 2507 | -9/Mines | Assembled infested the area 2600 | -9/Mines | Destroyed by as-74506 with Assembled Maul Last Messages --------------- 02507_ ALERT: Infestation in the mines, dispatching Demolisher response squad. 02507_ K-01 Serf collects debris. 02507_ K-01 Serf destroyed. 02509_ K-01 Serf collects debris. 02510_ Acquired 13 matter. 02515_ K-01 Serf collects debris. 02522_ K-01 Serf destroyed. 02528_ as-07585 destroyed. 02531_ as-64691 destroyed. 02546_ as-46633 destroyed. 02558_ as-52708 destroyed. 02561_ as-32910 suffers critical hit. 02561_ as-32910 destroyed. 02562_ Adv. Beam Cannon destroyed. 02581_ as-37763 destroyed. 02587_ as-72730 destroyed. 02596_ Imp. Light Cannon severed. 02599_ Aluminum Leg destroyed. 02599_ as-27145 destroyed. Map ----- +----------------------------------------------------+ | ??????????????????????????????? | | ??????????????????????????????? | | ??????????????????????????????? | | ??????????????????????????????? | | ??????????????????????????????? | | ??????????????????????????????? | | ??????????????????????????????? | | ??????????????????????????????? | | ??????????????????????????????? | | ??????????????????????????????? | | ??????????????????????????????? | | ??????????????????????????????? | | ??????????????????????????????? | | ??????????????????????????????? | | ??????????????????????????????? | | ??????????????????????????????? | | ??????????????????????????????? | | ??????????????????????????????? | | ??????????????????????????????? | | ??????????????????????????????? | | ??????????????????????????????? | | ??????????????????????????????? | | ?#######??????????????????????? | | ?# %*####???????????????????? | | ?# =%a% #???????????????????? | | ?# *@# #???????????????????? | | ?# ]%#??#???????????????????? | | ?# #??????????????????????? | | ?# #??????????????????????? | | ?#######??????????????????????? | | ??????????????????????????????? | | ??????????????????????????????? | | ??????????????????????????????? | | ??????????????????????????????? | | ??????????????????????????????? | | ??????????????????????????????? | | ??????????????????????????????? | | ??????????????????????????????? | | ??????????????????????????????? | | ??????????????????????????????? | | ??????????????????????????????? | | ??????????????????????????????? | | ??????????????????????????????? | | ??????????????????????????????? | | ??????????????????????????????? | | ??????????????????????????????? | | ??????????????????????????????? | | ??????????????????????????????? | | ??????????????????????????????? | | ??????????????????????????????? | +----------------------------------------------------+ Best States ------------- Heat Dissipation 38 Energy Generation 12 Energy Capacity 265 Matter Stores 300 Matter Capacity 300 Sight Range 16 Terrain Scan Density 10 Evasion (%) 50 Item Schematics ----------------- None Robot Schematics ------------------ None Fabricated ------------ Nothing Alien Tech Used ----------------- None Achievements -------------- None Challenges ------------ None Game ------ Seed UtilityFlyingShockpuncher Manual? 0 Play Time 00:28:45 Cumulative 29.2 hours Start 2021.07.04 @ 13:04:02 End 2021.07.04 @ 16:03:20 Sessions 2 Manual Loads 0 Difficulty Rogue Special Mode None Game No. 11 Rogue 11 Adventurer 0 Explorer 0 Win Type - Total 0 Types 0/0/0/0/0/0/0/0/0 Lore% 20 Gallery% 27 Achievement% 23 Wizard Run 0 Options --------- ASCII 0 Keyboard 0 Movement Mouse Keybinds 0 Fullscreen 1 Font 36/Smallcaps Map View 76x50 Tactical HUD 1 Map Filters NONE Filters NONE Steam 1 RUN: e0de18bf-e9fc-4942-8e20-574ce569d54f